 Dungeon Crawl Stone Soup version 0.31.0-1-g2c135a008e (webtiles) character file.

Game seed: 11507503107284020544

2613 qw the Skirmisher (level 9, -2/66 HPs)
             Began as a Djinni Hunter on Jan 23, 2024.
             Slain by a two-headed ogre
             ... wielding a +0 giant club
              (10 damage)
             ... on level 9 of the Dungeon.
             The game lasted 00:00:24 (4307 turns).

qw the Skirmisher (Djinni Hunter)                   Turns: 4307, Time: 00:00:24

Health: -2/66      AC:  9    Str: 10    XL:     9   Next: 90%
Gold:   303        EV: 13    Int: 11    God:
                   SH:  0    Dex: 21

rFire   + + .        a - +1 shortbow (drain)
rCold   + . .        (shield currently unavailable)
rNeg    . . .        i - +2 ring mail {rC+}
rPois   inf          (no helmet)
rElec   .            l - +0 cloak
rCorr   .            h - +0 pair of gloves
SInv    .            (boots unavailable)
Will    .....        m - amulet of regeneration
Stlth   +            g - ring of protection from cold
HPRegen 1.11/turn    (no ring)
MPRegen 0.00/turn

%: infuse magic (-3 HP)
@: about to teleport, flying
A: sickness immunity, fire resistance 2, cold vulnerability 1, float, innate
caster, HP casting, extra vitality 1
a: no special abilities


You were on level 9 of the Dungeon.
You visited 1 branch of the dungeon, and saw 9 of its levels.

You collected 357 gold pieces.
You spent 54 gold pieces at shops.


Innate Abilities, Weirdness & Mutations

You are immune to sickness and miasma.
You are immune to poison.
Your flesh is very heat resistant. (rF++)
You are vulnerable to cold. (rC-)
You float through the air rather than walking.
You learn spells naturally, not from books.
Your magical power is your life essence.
You have superior vitality. (+4 MHP)


   Skills:
 - Level 6.0 Fighting
 - Level 9.2 Ranged Weapons
 + Level 2.5 Armour
 - Level 5.1 Dodging
 - Level 0.7 Stealth


You knew the following spells:

 Your Spells              Type           Power      Damage    Failure   Level
a - Freeze                Ice            0%         1d3       65%         1
b - Scorch                Fire           0%         2d5       78%         2
c - Mephitic Cloud        Conj/Alch/Air  0%         N/A       95%         3
d - Summon Lightning Spi  Summ/Air       0%         N/A       100%        4
Your spell library was empty.

Inventory:

Hand Weapons
 a - a +1 shortbow of draining (weapon)
Armour
 h - a +0 pair of gloves (worn)
 i - a +2 ring mail of cold resistance (worn)
 l - a +0 cloak (worn)
Jewellery
 g - a ring of protection from cold (left hand)
 m - an amulet of regeneration (around neck)
Wands
 n - a wand of digging (3)
Potions
 d - 2 potions of curing
 f - a potion of resistance
 j - 2 potions of cancellation

Dungeon Overview and Level Annotations

Branches:
Dungeon (10/15)
 Temple: D:4-7         Lair: D:8-11         Orc: D:9-12

Altars:

Shops:
D:5 [   D:6 :

Annotations:
D:3 1 runed translucent door, qw's ghost, amateur DjHu


Message History

The vampire barely misses you. The vampire closely misses you.
You shoot an arrow. The arrow hits the vampire.
The vampire is heavily damaged.
The centaur shoots an arrow.
The arrow misses you. The vampire hits you.
The vampire bites you but does no damage.
You shoot an arrow. The arrow hits the vampire!
The vampire is severely damaged.
The vampire hits you. The vampire bites you.
4301 ||| READING 2 scrolls of teleportation.
As you read the scroll of teleportation, it crumbles to dust.
You feel strangely unstable.
The centaur shoots an arrow.
The arrow completely misses you.
The centaur shoots an arrow.
The arrow barely misses you. The vampire barely misses you.
The vampire bites you.
You shoot an arrow. The arrow hits the vampire.
The vampire is severely damaged.
The vampire hits you. The vampire bites you!
You shoot an arrow. The arrow barely misses the vampire.
The centaur unwields a +0 orcbow.
The centaur closely misses you.
The centaur kicks you but does no damage.
The vampire barely misses you.
The vampire bites you but does no damage.
You shoot an arrow. The arrow hits the vampire.
The vampire is almost destroyed.
Your surroundings suddenly seem different.
A two-headed ogre comes into view. It is wielding two +0 giant clubs.
The two-headed ogre shouts in stereo!
You shoot an arrow. The arrow hits the two-headed ogre.
You drain the two-headed ogre.
The two-headed ogre is lightly wounded.
4306 ||| READING scroll of teleportation.
As you read the scroll of teleportation, it crumbles to dust.
You feel strangely unstable.
You shoot an arrow.
The arrow hits the two-headed ogre but does no damage.
You drain the two-headed ogre.
The two-headed ogre is lightly wounded.
The two-headed ogre misses you.
The two-headed ogre hits you with a +0 giant club!
You die...

# #.. ..
....#######...#
#..........#
#......@#
##.....O...#.#
#..........#...
##......#..####
#.......#..#
#.##.#.. ...#
... ###.. ....
.# ##.# ....


You could see a two-headed ogre (drained).

Vanquished Creatures
  A centaur skeleton (D:10)
  A hornet (D:10)
  2 vampire mosquitoes (D:10)
  A water moccasin (D:5)
  An ice beast (D:5)
  A sky beast (D:6)
  2 ogres (D:4)
  A phantom (D:5)
  A kobold brigand (D:6)
  2 weeping skulls (D:10)
  6 scorpions
  A bombardier beetle (D:4)
  A centaur zombie (D:10)
  5 hounds
  An orc priest (D:6)
  4 jellies
  2 sleepcaps
  3 iguanas
  Natasha (twice) (D:4)
  6 adders
  6 gnolls
  4 ufetubi
  A ribbon worm (D:3)
  6 dart slugs
  7 orcs
  5 endoplasms
  2 giant cockroaches
  7 goblins
  5 hobgoblins
  9 jackals
  5 quokkas
  9 ball pythons
  4 bats
  2 frilled lizards
  14 kobolds
  5 rats
135 creatures vanquished.

Notes
Turn   | Place    | Note
-------+----------+-------------------------------------------
     0 | D:1      | qw the Djinni Hunter began the quest for the Orb.
     0 | D:1      | Reached XP level 1. HP: 18/18 MP: 0/0
     0 | D:1      | 0 ||| qw: Version: 0.3-a-135-gb77e89d
     0 | D:1      | 0 ||| qw: Game counter: 931
     0 | D:1      | 0 ||| qw: Melee chars always use a shield: true
     0 | D:1      | 0 ||| qw: God list: Okawaru
     0 | D:1      | 0 ||| qw: Allow faded altars: false
     0 | D:1      | 0 ||| qw: Do Orc after clearing Dungeon:15 true
     0 | D:1      | 0 ||| qw: Do second Lair branch before Depths: true
     0 | D:1      | 0 ||| qw: Lair rune preference: random
     0 | D:1      | 0 ||| qw: Goals: Normal
     0 | D:1      | 0 ||| PLANNING D:1-11
   104 | D:1      | Reached XP level 2. HP: 23/23 MP: 0/0
   221 | D:1      | Reached XP level 3. HP: 28/28 MP: 0/0
   221 | D:1      | Learned a level 1 spell: Freeze
   226 | D:1      | Reached skill level 4 in Ranged Weapons
   523 | D:1      | 523 ||| READING 3 scrolls labelled DAF LOPRISMAIG.
   523 | D:1      | 523 ||| IDENTIFYING amethyst potion
   524 | D:1      | 524 ||| READING 2 scrolls of identify.
   524 | D:1      | 524 ||| IDENTIFYING ruby potion
   525 | D:1      | 525 ||| READING scroll of identify.
   525 | D:1      | 525 ||| IDENTIFYING scroll labelled XITRARPH MESMI
   526 | D:1      | 526 ||| READING scroll labelled LACIACH PEZXEU.
   526 | D:1      | 526 ||| ENCHANTING +0 shortbow.
   527 | D:1      | 527 ||| DROPPING scroll of butterflies.
   528 | D:1      | 528 ||| DROPPING potion of ambrosia.
   529 | D:1      | 529 ||| DROPPING scroll of vulnerability.
   827 | D:2      | Found a faded altar of an unknown god.
   981 | D:2      | Reached XP level 4. HP: 34/34 MP: 0/0
  1060 | D:2      | 1060 ||| UPGRADING to +0 ring mail.
  1070 | D:2      | 1070 ||| DROPPING +0 leather armour.
  1071 | D:2      | 1071 ||| READING scroll of identify.
  1071 | D:2      | 1071 ||| IDENTIFYING emerald potion
  1072 | D:2      | 1072 ||| READING scroll labelled MORGHU RUADD.
  1073 | D:2      | 1073 ||| READING scroll labelled XUNKAT QID LUE.
  1080 | D:3      | Noticed a scorpion
  1086 | D:3      | Killed a scorpion
  1087 | D:3      | Reached XP level 5. HP: 36/40 MP: 0/0
  1087 | D:3      | Learned a level 2 spell: Scorch
  1102 | D:3      | Reached skill level 3 in Fighting
  1119 | D:3      | 1119 ||| FLEEEEING.
  1120 | D:3      | 1120 ||| FLEEEEING.
  1121 | D:3      | 1121 ||| FLEEEEING.
  1122 | D:3      | 1122 ||| FLEEEEING.
  1123 | D:3      | 1123 ||| FLEEEEING.
  1124 | D:3      | 1124 ||| STAIRDANCE
  1138 | D:3      | 1138 ||| STAIRDANCE
  1186 | D:3      | Noticed qw's ghost (amateur DjHu)
  1197 | D:3      | Found a runed translucent door.
  1236 | D:3      | HP: 7/40 [scorpion (5)]
  1237 | D:3      | 1237 ||| DRINKING potion of heal wounds.
  1435 | D:3      | Reached XP level 6. HP: 37/46 MP: 0/0
  1686 | D:3      | 1686 ||| UPGRADING to +0 pair of gloves.
  1691 | D:3      | 1691 ||| UPGRADING to ring of protection from cold.
  1692 | D:3      | 1692 ||| READING 4 scrolls of identify.
  1692 | D:3      | 1692 ||| IDENTIFYING golden potion
  1693 | D:3      | 1693 ||| READING 3 scrolls of identify.
  1693 | D:3      | 1693 ||| IDENTIFYING 2 bubbling clear potions
  1694 | D:3      | 1694 ||| READING 2 scrolls of identify.
  1694 | D:3      | 1694 ||| IDENTIFYING scroll labelled KYLESYIWEJO
  1695 | D:3      | 1695 ||| READING scroll of identify.
  1695 | D:3      | 1695 ||| IDENTIFYING scroll labelled COHU BOTANUR
  1696 | D:3      | 1696 ||| READING scroll labelled BAPLOARRUL.
  1732 | D:3      | 1732 ||| DROPPING scroll of summoning.
  1733 | D:3      | 1733 ||| DROPPING scroll of poison.
  1823 | D:4      | Reached skill level 5 in Ranged Weapons
  2008 | D:4      | Reached skill level 3 in Dodging
  2183 | D:4      | Reached XP level 7. HP: 51/51 MP: 0/0
  2183 | D:4      | Learned a level 3 spell: Mephitic Cloud
  2310 | D:4      | Reached skill level 6 in Ranged Weapons
  2583 | D:4      | Noticed Natasha
  2587 | D:4      | Killed Natasha
  2588 | D:4      | Reached XP level 8. HP: 58/58 MP: 0/0
  2666 | D:4      | Noticed Natasha
  2668 | D:4      | Killed Natasha
  2722 | D:4      | 2722 ||| READING 2 scrolls of identify.
  2722 | D:4      | 2722 ||| IDENTIFYING 2 murky grey potions
  2723 | D:4      | 2723 ||| DROPPING 2 potions of attraction.
  2741 | D:5      | Entered Level 5 of the Dungeon
  2745 | D:5      | 2745 ||| STAIRDANCE
  2890 | D:5      | Found Pepoug's Armour Emporium.
  2893 | D:5      | 2893 ||| BUYING +0 cloak (54 gold).
  2893 | D:5      | Bought a +0 cloak for 54 gold pieces
  2893 | D:5      | 2893 ||| SHOPLISTING scarf of the Hanged Man {+Inv, Will+
                  | Dex+2 Stlth+} (355 gold, have 171).
  2951 | D:5      | Reached skill level 7 in Ranged Weapons
  3518 | D:5      | 3518 ||| UPGRADING to +2 ring mail of cold resistance.
  3528 | D:5      | 3528 ||| DROPPING +0 ring mail.
  3529 | D:5      | 3529 ||| UPGRADING to +0 cloak.
  3534 | D:5      | 3534 ||| UPGRADING to amulet of regeneration.
  3539 | D:5      | 3539 ||| READING 2 scrolls of identify.
  3539 | D:5      | 3539 ||| IDENTIFYING 2 orange potions
  3540 | D:5      | 3540 ||| DROPPING 2 potions of magic.
  3764 | D:6      | 3764 ||| RETREEEEATING.
  3794 | D:6      | Reached XP level 9. HP: 63/65 MP: 0/0
  3794 | D:6      | Learned a level 4 spell: Summon Lightning Spire
  3822 | D:6      | Found Xyimm's Book Emporium.
  3829 | D:6      | 3829 ||| RETREEEEATING.
  3838 | D:6      | Reached skill level 8 in Ranged Weapons
  4123 | D:6      | 4123 ||| READING 3 scrolls of identify.
  4123 | D:6      | 4123 ||| IDENTIFYING viscous yellow potion
  4124 | D:6      | 4124 ||| READING 2 scrolls of identify.
  4124 | D:6      | 4124 ||| IDENTIFYING scroll labelled BAGGEM YMERAYHOGES
  4125 | D:6      | 4125 ||| READING scroll of identify.
  4125 | D:6      | 4125 ||| IDENTIFYING scroll labelled SERACW BISSYTU
  4126 | D:6      | 4126 ||| READING scroll of brand weapon.
  4126 | D:6      | 4126 ||| BRANDING +1 shortbow.
  4127 | D:6      | 4127 ||| DROPPING potion of lignification.
  4128 | D:6      | 4128 ||| DROPPING scroll of torment.
  4135 | D:7      | 4135 ||| STAIRDANCE
  4158 | D:7      | You are sucked into a shaft and drop 3 floors!
  4158 | D:10     | Entered Level 10 of the Dungeon
  4163 | D:10     | 4163 ||| RETREEEEATING.
  4166 | D:10     | 4166 ||| RETREEEEATING.
  4173 | D:10     | Reached skill level 6 in Fighting
  4210 | D:10     | Noticed a hornet
  4211 | D:10     | 4211 ||| RETREEEEATING.
  4225 | D:10     | Killed a hornet
  4226 | D:10     | Reached skill level 9 in Ranged Weapons
  4227 | D:10     | HP: 11/66 [hell rat (12)]
  4228 | D:10     | 4228 ||| READING 3 scrolls of teleportation.
  4300 | D:9      | HP: 14/66 [vampire (6)]
  4301 | D:9      | 4301 ||| READING 2 scrolls of teleportation.
  4302 | D:9      | HP: 2/66 [vampire (7)]
  4304 | D:9      | Noticed a two-headed ogre
  4306 | D:9      | 4306 ||| READING scroll of teleportation.
  4307 | D:9      | Slain by a two-headed ogre

Levels and vault maps discovered:
D:1:      psy_arrival_spokes, layout_rooms
D:2:      layout_rooms, shapermc_ecumenical_altar_mp_highgroup,
          minmay_close_crescents
D:3:      layout_rooms, hellmonk_ghost_happy_afterlife
D:4:      layout_loops_ring, nicolae_figureground_pulse, uniq_natasha
D:5:      layout_rooms, serial_shops, nicolae_shop_tiny_real_fake_doors,
          serial_bayou, serial_bayou_pond_d, serial_bayou_lagoon_b,
          serial_bayou_pond_a, serial_bayou_ford_a
D:6:      layout_rooms, serial_shops, shop, kennysheep_generic_room_11
D:7:      layout_layer_cave, chequers_temple_overflow_statue_of_worship,
          minmay_temple_entry_statues_fountains, serial_shops, shop,
          uniq_prince_ribbit1, uniq_maggie, uniq_menkaure
D:9:      layout_cave_pools, chequers_temple_overflow_minitemple,
          serial_co_window_serial, co_window_corner_a,
          co_window_of_opportunity_a, co_window_paths_a, co_window_paths_a,
          co_window_paths_a, co_window_paths_a, co_window_paths_b,
          co_window_cross_1, co_window_corner_a, co_window_corner_cb,
          co_window_of_opportunity_b, co_window_unsneaky_path_b,
          co_window_unsneaky_path_c, co_window_2corner,
          co_window_of_opportunity_b, co_window_paths_d, glass_columns_b,
          glass_columns_b, glass_columns_b, glass_columns_c, minmay_checkerbox
D:10:     lemuel_vampire_tower, layout_rooms, serial_shops,
          nicolae_book_shop_shelving

Skill      XL: |  1  2  3  4  5  6  7  8  9 |
---------------+----------------------------+-----
Ranged Weapons | 4 5 6 7 9 |  9.2
Armour         | 2 |  2.5
Fighting       | 3 4 5 6 |  6.0
Dodging        | 3 4 5 |  5.1
Stealth        | |  0.7

Action                     |  1- 3 |  4- 6 |  7- 9 || total
---------------------------+-------+-------+-------++-------
   Fire: Shortbow          |   106 |   162 |   344 ||   612
    Use: Scroll            |     4 |     8 |     9 ||    21
         Potion            |       |     1 |       ||     1
 Armour: Leather armour    |    31 |       |       ||    31
         Ring mail         |       |    75 |   207 ||   282
  Dodge: Dodged            |    31 |    70 |   198 ||   299

Table legend:
 A = Non-vault XP
 B = Vault XP
 C = Vault XP percentage of total XP
 D = Non-vault monster count
 E = Vault monster count
 F = Vault count percentage of total count
                 A         B        C        D         E       F
            +---------+---------+-------+---------+---------+-------
      Total |    2651 |    1083 |  29.0 |     124 |      11 |   8.1
            +---------+---------+-------+---------+---------+-------
        D:1 |      44 |       0 |   0.0 |      24 |       0 |   0.0
        D:2 |      24 |       5 |  17.2 |      15 |       3 |  16.7
        D:3 |     216 |       0 |   0.0 |      22 |       0 |   0.0
        D:4 |     773 |      35 |   4.3 |      25 |       1 |   3.8
        D:5 |     620 |       0 |   0.0 |      11 |       0 |   0.0
        D:6 |     668 |      80 |  10.7 |      25 |       1 |   3.8
        D:7 |       8 |       0 |   0.0 |       1 |       0 |   0.0
       D:10 |     298 |     963 |  76.4 |       1 |       6 |  85.7
            +---------+---------+-------+---------+---------+-------
